 Dungeon Crawl Stone Soup version 0.22.1-1-ga44c0e5 (webtiles) character file.

6322 Fang the Cleaver (level 10, -1/97 HPs)
             Began as a Gargoyle Berserker on Oct 24, 2018.
             Was an Elder of Trog.
             Slain by a skeletal warrior
             ... wielding a +0 flail
             ... led by a skeletal warrior
              (7 damage)
             ... on level 10 of the Dungeon.
             The game lasted 00:15:02 (10517 turns).

Fang the Cleaver (Gargoyle Berserker)              Turns: 10517, Time: 00:15:02

Health: -1/97      AC: 12    Str: 29    XL:     10   Next: 95%
Magic:  10/10      EV: 14    Int:  8    God:    Trog [****..]
Gold:   505        SH:  0    Dex:  9    Spells: 9/9 levels left

rFire    . . .     SeeInvis .   p - +3 war axe (elec)
rCold    + . .     Gourm    +   (no shield)
rNeg     + . .     Faith    .   t - +2 leather armour {rC+}
rPois    ∞         Spirit   .   (no helmet)
rElec    +         Reflect  .   (no cloak)
rCorr    .         Harm     .   (no gloves)
MR       .....                  (no boots)
Stlth    ..........             g - amulet of the gourmand
HPRegen  0.26/turn              b - ring of stealth
MPRegen  0.12/turn              (no ring)

@: berserking (expiring), very quick
A: negative energy resistance 1, electricity resistance, unbreathing,
petrification resistance, rot immunity, AC +7
a: Berserk, Trog's Hand, Brothers in Arms, Renounce Religion


You were on level 10 of the Dungeon.
You worshipped Trog.
Trog was greatly pleased with you.
You were near starving.

You visited 2 branches of the dungeon, and saw 11 of its levels.
You also visited: Sewer.

You collected 505 gold pieces.

Inventory:

Hand Weapons
 a - a +0 hand axe of venom
 p - a +3 war axe of electrocution (weapon)
Missiles
 n - 7 javelins of penetration (quivered)
Armour
 t - a +2 leather armour of cold resistance (worn)
Jewellery
 b - a ring of stealth (left hand)
 g - an amulet of the gourmand (around neck)
 u - an uncursed amulet of faith
 v - an uncursed amulet of the acrobat
Wands
 e - a wand of flame (10)
 i - a wand of random effects (31)
 w - a wand of acid (8)
 x - a wand of polymorph (9)
Scrolls
 k - 2 scrolls of magic mapping
 l - 5 scrolls of remove curse
 m - 3 scrolls of identify
 q - a scroll of teleportation
Potions
 d - a potion of heal wounds
 f - 3 potions of flight
 h - a potion of cancellation
 j - a potion of invisibility
 o - a potion of curing
 r - a potion of haste
 s - a potion of might
Comestibles
 c - 15 rations


   Skills:
 + Level 8.8 Fighting
 + Level 10.8 Axes
 + Level 3.8 Armour
 + Level 5.5 Dodging
 + Level 6.1 Stealth


You had 9 spell levels left.
You didn't know any spells.
Your spell library was empty.

Dungeon Overview and Level Annotations

Branches:
Dungeon (10/15)            Temple (1/1) D:4            Lair (0/6) D:8
    Orc (0/2) D:10

Altars:
Ashenzari
Cheibriados
Dithmenos
Elyvilon
Gozag
Hepliaklqana
Qazlal
Ru
Uskayaw

Shops:
D:6 [


Innate Abilities, Weirdness & Mutations

You are resistant to torment.
Your stone body is resilient. (AC +7)
You are immune to poison.
You resist negative energy. (rN+)
You are resistant to electric shocks. (rElec)
You can survive without breathing.
You are immune to petrification.
You are immune to rotting.


Message History

The skeletal warrior is lightly damaged.
Unknown command.
You hit the skeletal warrior.
The skeletal warrior is lightly damaged.
The skeletal warrior hits you with a flail!
* * * LOW HITPOINT WARNING * * *
Unknown command.
You slash the skeletal warrior!
The skeletal warrior is moderately damaged.
Unknown command.
You closely miss the skeletal warrior.
The skeletal warrior is moderately damaged.
The skeletal warrior hits you with a flail!
* * * LOW HITPOINT WARNING * * *
Unknown command.
You hit the skeletal warrior.
Lightning courses through the skeletal warrior!
The skeletal warrior is moderately damaged.
The skeletal warrior hits you with a flail!
You die...

....#####...........
}...#...............
..>.#.###...........
....#.# #...........
....'.# #..........>
....### ###.########
....# #..## #.###
##..#### ..####
##...@# .....#
####z# .....# #D..
.....# ###.# .....#
... ....... ...
.....#.. ...#
.....### ..# .....#


You could see a skeletal warrior and an acid dragon.

Vanquished Creatures
  A skeletal warrior (D:10)
  A deep elf mage (D:7)
  Joseph (D:8)
  A troll (D:10)
  A hippogriff (D:8)
  A hungry ghost (D:10)
  3 wargs (D:10)
  Duvessa (D:6)
  An ice beast (D:10)
  4 orc warriors
  3 sky beasts
  A black bear (D:8)
  5 ogres
  A necrophage (D:8)
  2 phantoms
  3 centaurs
  3 big kobolds
  3 bullfrogs (D:8)
  Dowan (D:6)
  4 scorpions
  2 water moccasin skeletons
  4 wights (D:7)
  3 crimson imps
  2 hounds
  3 bullfrog skeletons
  2 centaur zombies
  2 jellies
  An orc priest (D:9)
  A centaur skeleton (D:6)
  An iguana (D:5)
  Ijyb (D:4)
  Natasha (D:4)
  7 orc wizards
  5 worker ants
  A hound zombie (D:7)
  A hound skeleton (D:7)
  A gnoll (D:1)
  12 adders
  2 shadow imps
  4 oozes
  An adder zombie (D:9)
  3 adder skeletons
  5 worms
  2 dart slugs
  6 leopard geckos
  24 orcs
  6 giant cockroaches
  9 goblins
  6 hobgoblins
  4 jackals
  20 kobolds
  8 quokkas
  A ball python (D:5)
  5 bats
  A quokka skeleton (D:5)
  11 rats
209 creatures vanquished.

Vanquished Creatures (others)
  6 fungi (D:8)
  3 plants (D:8)
9 creatures vanquished.

Grand Total: 218 creatures vanquished

Notes
Turn   | Place    | Note
-------+----------+-------------------------------------------
     0 | D:1      | Fang the Gargoyle Berserker began the quest for the Orb.
     0 | D:1      | Reached XP level 1. HP: 14/14 MP: 1/1
   585 | D:1      | Reached XP level 2. HP: 19/19 MP: 2/2
   721 | D:1      | Reached skill level 3 in Axes
  1093 | D:1      | Reached XP level 3. HP: 18/24 MP: 3/3
  1456 | D:1      | Reached skill level 1 in Stealth
  1619 | D:2      | Reached ** piety under Trog
  2091 | D:2      | Found a hide-covered altar of Uskayaw.
  2113 | D:2      | Reached XP level 4. HP: 29/29 MP: 4/4
  2601 | D:3      | Reached XP level 5. HP: 24/33 MP: 5/5
  2616 | D:3      | Reached skill level 4 in Axes
  2862 | D:3      | Found a glowing drain.
  2974 | Sewer    | Entered a sewer
  3211 | Sewer    | Noticed a big kobold
  3216 | Sewer    | Reached *** piety under Trog
  3234 | Sewer    | Killed a big kobold
  3234 | Sewer    | Reached XP level 6. HP: 29/39 MP: 6/6
  3366 | Sewer    | Found a white marble altar of Elyvilon.
  3628 | D:3      | Found a white marble altar of Elyvilon.
  3799 | D:3      | Found a faded altar of an unknown god.
  4361 | D:4      | Reached XP level 7. HP: 24/44 MP: 7/7
  4475 | D:4      | Noticed Ijyb
  4485 | D:4      | Killed Ijyb
  4485 | D:4      | Reached skill level 5 in Axes
  4529 | D:4      | Found a staircase to the Ecumenical Temple.
  4549 | Temple   | Entered the Ecumenical Temple
  4630 | D:4      | Noticed Natasha
  4645 | D:4      | Killed Natasha
  4645 | D:4      | Received a gift from Trog
  4645 | D:4      | Reached skill level 5 in Fighting
  5196 | D:5      | Entered Level 5 of the Dungeon
  5796 | D:5      | Reached skill level 6 in Axes
  5815 | D:5      | Reached XP level 8. HP: 22/50 MP: 8/8
  6710 | D:6      | Found Nichikaff's Antique Armour Emporium.
  6810 | D:6      | Reached **** piety under Trog
  6814 | D:6      | Reached skill level 7 in Axes
  6937 | D:6      | Noticed Duvessa
  6937 | D:6      | Noticed Dowan
  6940 | D:6      | Killed Dowan
  6948 | D:6      | Killed Duvessa
  7200 | D:6      | Reached XP level 9. HP: 56/56 MP: 9/9
  7607 | D:7      | Reached skill level 8 in Axes
  7739 | D:7      | Noticed a deep elf mage
  7766 | D:7      | Killed a deep elf mage
  7766 | D:7      | Reached skill level 5 in Dodging
  7921 | D:7      | Found a snail-covered altar of Cheibriados.
  8058 | D:8      | Noticed Joseph
  8069 | D:8      | Killed Joseph
  8069 | D:8      | Reached skill level 9 in Axes
  8363 | D:8      | Reached XP level 10. HP: 61/64 MP: 10/10
  9123 | D:8      | Found a staircase to the Lair.
  9186 | D:8      | Found a sacrificial altar of Ru.
  9267 | D:9      | Reached skill level 10 in Axes
  9451 | D:9      | Found a shadowy altar of Dithmenos.
  9899 | D:10     | Entered Level 10 of the Dungeon
  9960 | D:10     | Reached skill level 5 in Stealth
 10134 | D:10     | Found a staircase to the Orcish Mines.
 10497 | D:10     | Noticed a skeletal warrior
 10502 | D:10     | Noticed a skeletal warrior
 10509 | D:10     | Killed a skeletal warrior
 10517 | D:10     | Slain by a skeletal warrior

Skill      XL: |  1  2  3  4  5  6  7  8  9 10 |
---------------+-------------------------------+-----
Axes           | 3 4 6 7 9 10 | 10.8
Dodging        | 2 3 4 5 |  5.5
Stealth        | 1 2 3 4 6 |  6.1
Fighting       | 4 5 6 7 8 |  8.8
Armour         | 3 |  3.8

Action                   |  1- 3 |  4- 6 |  7- 9 | 10-12 || total
-------------------------+-------+-------+-------+-------++-------
Melee: Hand axe          |   111 |   224 |   244 |       ||   579
       War axe           |       |       |   106 |   142 ||   248
Invok: Berserk           |     3 |     3 |     6 |     4 ||    16
  Use: Scroll            |       |    10 |     6 |     1 ||    17
       Potion            |       |       |     2 |       ||     2
 Stab: Sleeping          |     1 |     2 |     5 |     7 ||    15
  Eat: Chunk             |     6 |     6 |    33 |     9 ||    54
       Ration            |       |     1 |     1 |       ||     2
Armor: Animal skin       |    33 |    81 |    73 |       ||   187
       Leather armour    |       |       |    38 |    39 ||    77
Dodge: Dodged            |    69 |   130 |   202 |    96 ||   497
